 Dungeon Crawl Stone Soup version 0.24-a0-618-ge4662a2 (webtiles) character file.

Game seed: 3326842220052795736, levelgen mode: deterministic

252 Atlas the Grave Robber (level 5, -3/36 HPs)
             Began as a Mummy Necromancer on Sept 15, 2019.
             Slain by an ogre
             ... wielding a +0 giant club
              (6 damage)
             ... on level 3 of the Dungeon.
             The game lasted 00:04:10 (3723 turns).

Atlas the Grave Robber (Mummy Necromancer)          Turns: 3723, Time: 00:04:11

Health: -3/36      AC:  3    Str: 12    XL:     5   Next: 89%
Magic:  7/12       EV: 12    Int: 15    God:
Gold:   241        SH:  0    Dex: 12    Spells: 10/14 levels left

rFire    x . .     SeeInvis .   f - +0 whip (elec)
rCold    + . .     Gourm    .   (no shield)
rNeg     + + +     Faith    .   b - +0 leather armour
rPois    ∞         Spirit   .   (no helmet)
rElec    .         Reflect  .   (no cloak)
rCorr    .         Harm     .   (no gloves)
MR       .....                  (no boots)
Stlth    ++........             (no amulet)
HPRegen  0.12/turn              (no ring)
MPRegen  0.13/turn              (no ring)

@: no status effects
A: no food or potions, fire vulnerability, cold resistance 1, negative energy
resistance 3, torment resistance, unbreathing
a: no special abilities


You were on level 3 of the Dungeon.
You were not hungry.

You visited 1 branch of the dungeon, and saw 4 of its levels.

You collected 241 gold pieces.

Inventory:

Hand Weapons
 f - a +0 whip of electrocution (weapon)
Armour
 b - a +0 leather armour (worn)
Scrolls
 a - 5 scrolls of identify {unknown}
 c - a scroll of amnesia {unknown}
 d - a scroll of remove curse {unknown}
 e - a scroll of blinking {unknown}


   Skills:
 + Level 0.3 Fighting
 + Level 0.5 Maces & Flails
 + Level 0.9 Armour
 + Level 1.8 Dodging
 + Level 1.6 Stealth
 + Level 0.1 Unarmed Combat
 + Level 5.1 Spellcasting
 + Level 5.5 Necromancy


You had 10 spell levels left.
You knew the following spells:

 Your Spells              Type           Power        Failure   Level  Hunger
a - Pain                  Necr           ###.         1%          1    N/A
c - Vampiric Draining     Necr           ###.......   6%          3    N/A

Your spell library contained the following spells:

 Spells                   Type           Power        Failure   Level  Hunger
 Animate Skeleton         Necr           N/A          1%          1    N/A
 Animate Dead             Necr           N/A          21%         4    N/A
 Regeneration             Chrm/Necr      Unusable     N/A         3    N/A

Dungeon Overview and Level Annotations

Branches:
Dungeon (4/15)
 Temple: D:4-7

Altars:
Sif Muna

Annotations:
D:3 Natasha


Innate Abilities, Weirdness & Mutations

You do not eat or drink.
Your flesh is vulnerable to fire.
You are immune to poison.
Your flesh is cold resistant. (rC+)
You are immune to negative energy. (rN+++)
You are immune to unholy pain and torment.
You can survive without breathing.


Message History

Aim: an ogre, wielding a +0 giant club (chance to defeat MR: 80%)
The ogre writhes in agony!
The ogre hits you with a +0 giant club!!
Ouch! That really hurt!
Casting: Pain (safe; 1% risk of failure)
Confirm with . or Enter, or press ? or * to list all spells.
Aiming: Pain (safe; 1% risk of failure)
Press: ? - help, Shift-Dir - straight line, f/p - ogre
Aim: an ogre, wielding a +0 giant club (moderately wounded, chance to defeat MR: 80%)
The ogre writhes in agony.
The ogre hits you with a +0 giant club!
* * * LOW HITPOINT WARNING * * *
You climb upwards.
Level annotation: Natasha
There is a stone staircase leading down here.
Unknown command.
The ogre completely misses you.
There is an escape hatch in the ceiling here.
The ogre hits you with a +0 giant club.
You die...

#.#...>.#.................#...
#.............##..............
#.#.....#................##...
#.#.....#..###................
#.###.###..# #...........#....
#..........# #................
###.#.#...## #.......%........
#.......# ##O#.........>..#.
##......###@.......).......[
#^..........######.......##
#...........# #.......##
#......###### #.......# #
#......# #####.......###
######## #...#......###.
#...#)#........
#.....###.##### #...####..###


You could see an ogre.

Vanquished Creatures
  A centaur (D:3)
  3 gnolls (D:3)
  4 adders
  2 oozes
  2 worms (D:2)
  3 dart slugs
  2 leopard geckos (D:2)
  5 orcs
  3 bats
  3 giant cockroaches
  12 goblins
  9 hobgoblins
  6 jackals (D:3)
  A quokka (D:2)
  3 ball pythons
  4 frilled lizards
  9 kobolds
  11 rats
83 creatures vanquished.

Notes
Turn   | Place    | Note
-------+----------+-------------------------------------------
     0 | D:1      | Atlas the Mummy Necromancer began the quest for the Orb.
     0 | D:1      | Reached XP level 1. HP: 13/13 MP: 4/4
   297 | D:1      | Reached XP level 2. HP: 19/19 MP: 1/6
  1146 | D:1      | Reached XP level 3. HP: 24/24 MP: 4/7
  1152 | D:1      | Learned a level 3 spell: Vampiric Draining
  1903 | D:2      | Reached XP level 4. HP: 24/30 MP: 2/10
  2661 | D:3      | Reached skill level 5 in Necromancy
  2930 | D:3      | Noticed a centaur
  2946 | D:3      | Killed a centaur
  2946 | D:3      | Reached XP level 5. HP: 11/36 MP: 4/12
  3214 | D:3      | Noticed an ice beast
  3339 | D:3      | Found a shimmering blue altar of Sif Muna.
  3342 | D:3      | Noticed Natasha
  3419 | D:3      | Reached skill level 5 in Spellcasting
  3699 | D:4      | Noticed an ogre
  3708 | D:4      | HP: 1/36 [ogre/+0 giant club (13)]
  3723 | D:3      | Slain by an ogre

Levels and vault maps discovered:
D:1:      wander_arrival_lonely_grave, layout_loops_cross, minmay_tromino_v4_a
D:2:      layout_basic
D:3:      layout_rooms, nicolae_overflow_hidden_temple, first_ration,
          st_stairs_3, uniq_natasha
D:4:      layout_loops_corners, lemuel_zombie_altar_yredelemnul, serial_shops,
          shop, uniq_menkaure

Skill      XL: |  1  2  3  4  5 |
---------------+----------------+-----
Spellcasting   | 3 4 5 |  5.1
Necromancy     | 5 |  5.5
Fighting       | |  0.3
Maces & Flails | |  0.5
Armour         | |  0.9
Dodging        | |  1.8
Stealth        | |  1.6
Unarmed Combat | |  0.1

Action                   |  1- 3 |  4- 6 || total
-------------------------+-------+-------++-------
Melee: Unarmed           |    23 |     5 ||    28
       Whip              |       |    35 ||    35
 Cast: Pain              |    84 |    64 ||   148
       Vampiric Draining |       |     6 ||     6
Armor: Robe              |     1 |       ||     1
       Leather armour    |    10 |    18 ||    28
Dodge: Dodged            |    33 |    58 ||    91

Table legend:
 A = Non-vault XP
 B = Vault XP
 C = Vault XP percentage of total XP
 D = Non-vault monster count
 E = Vault monster count
 F = Vault count percentage of total count
                 A         B        C        D         E       F
            +---------+---------+-------+---------+---------+-------
      Total |     351 |      10 |   2.8 |      78 |       5 |   6.0
            +---------+---------+-------+---------+---------+-------
        D:1 |      38 |       4 |   9.5 |      19 |       3 |  13.6
        D:2 |      82 |       3 |   3.5 |      27 |       1 |   3.6
        D:3 |     225 |       3 |   1.3 |      30 |       1 |   3.2
        D:4 |       6 |       0 |   0.0 |       2 |       0 |   0.0
            +---------+---------+-------+---------+---------+-------
